 Dungeon Crawl Stone Soup version 0.30-a0-359-gd0147acb1a (webtiles) character file.

Game seed: 4005838599530179745

43117 ragingrage the Thaumaturge (level 13, -9/76 HPs)
             Began as a Deep Elf Fire Elementalist on Nov 12, 2022.
             Was a High Priest of Vehumet.
             Mangled by a large abomination (28 damage)
             ... on level 5 of the Lair of Beasts.
             The game lasted 00:25:12 (23148 turns).

ragingrage the Thaumaturge (DEFE)                  Turns: 23148, Time: 00:25:12

Health: -9/76      AC:  5    Str: 10    XL:     13   Next: 89%
Magic:  27/42      EV: 20    Int: 26    God:    Vehumet [*****.]
Gold:   94         SH: 12    Dex: 24    Spells: 15/40 levels left

rFire   + + .      SeeInvis .    b - staff of fire
rCold   + + .      Faith    .    D - +0 kite shield
rNeg    . . .      Spirit   .    K - +0 troll leather armour
rPois   .          Reflect  .    (no helmet)
rElec   .          Harm     .    Q - scarf {rC+ rF+}
rCorr   .          Rampage  .    (no gloves)
Will    +....                    W - +0 pair of boots "Niamud" {Regen+ Str+2 Dex+3}
Stlth   +++.......               T - amulet of Xom's Full Attention {RegenMP rC+ Str+3 Stlth+}
HPRegen 0.00/turn                P - +6 ring of dexterity
MPRegen 0.68/turn                R - ring of magical power

@: sick, studying 2 skills
A: no striking features
a: Renounce Religion


You were on level 5 of the Lair of Beasts.
You worshipped Vehumet.
Vehumet was extremely pleased with you.
You visited 3 branches of the dungeon, and saw 18 of its levels.
You also visited: Ice Cave.

You collected 1264 gold pieces.
You spent 1170 gold pieces at shops.

Inventory:

Hand Weapons
 a - the +12 pair of quick blades "Gyre" and "Gimble" {protect}
   (You found it on level 10 of the Dungeon)

   It grants its wielder temporary protection when it strikes (+7 to AC).
 o - a +3 dagger of venom
 G - a +4 short sword of draining
Missiles
 p - 3 boomerangs of dispersal
 C - 3 curare-tipped darts
 I - 30 poisoned darts
Armour
 c - a +2 robe of positive energy
 D - a +0 kite shield (worn)
 H - a +0 robe of willpower
 K - a +0 troll leather armour (worn)
 Q - a scarf of resistance (worn)
 W - the +0 pair of boots "Niamud" (worn) {Regen+ Str+2 Dex+3}
   (You found it on level 2 of the Lair of Beasts)

   Str:       It affects your strength (+2).
   Dex:       It affects your dexterity (+3).
   Regen:     It increases your rate of health regeneration.
Magical Staves
 b - a staff of fire (weapon)
Jewellery
 d - a ring of ice
 P - a +6 ring of dexterity (left hand)
 R - a ring of magical power (right hand)
 T - the amulet of Xom's Full Attention (around neck) {RegenMP rC+ Str+3 Stlth+}
   (You found it on level 1 of the Lair of Beasts)

   [amulet of magic regeneration]

   It increases your rate of magic regeneration.
   Str:       It affects your strength (+3).
   rC:        It protects you from cold.
   Stlth:     It makes you more stealthy.
 U - a ring of resist corrosion
 X - a ring of flight
Wands
 F - a wand of roots (7)
 J - a wand of paralysis (22)
 S - a wand of flame (9)
Scrolls
 g - 3 scrolls of noise
 j - 3 scrolls of enchant armour
 k - 4 scrolls of teleportation
 m - 5 scrolls of enchant weapon
 q - 5 scrolls of fog
 r - 5 scrolls of identify
 v - a scroll of fear
 x - a scroll of torment {unknown}
 y - 7 scrolls of immolation
 z - 2 scrolls of amnesia {unknown}
 E - a scroll of poison {unknown}
 Z - a scroll of blinking {unknown}
Potions
 e - a potion of resistance {unknown}
 f - a potion of might {unknown}
 i - 3 potions of degeneration {unknown}
 l - 2 potions of ambrosia {unknown}
 n - a potion of invisibility {unknown}
 s - 6 potions of attraction
 t - 7 potions of brilliance
 u - 8 potions of heal wounds {unknown}
 w - 6 potions of curing
 A - 3 potions of lignification {unknown}
 B - 4 potions of magic
 L - 2 potions of haste {unknown}
 N - 4 potions of flight {unknown}
 O - a potion of mutation {unknown}
 V - a potion of berserk rage {unknown}
Miscellaneous
 h - a tin of tremorstones (2/2)
 Y - a phial of floods


   Skills:
 + Level 7.1 Fighting
 * Level 12.0 Dodging
 - Level 2.4 Stealth
 + Level 6.5 Shields
 + Level 14.4 Spellcasting
 + Level 12.0 Conjurations
 - Level 3.0 Translocations
 + Level 12.4 Fire Magic
 + Level 4.3 Evocations


You had 15 spell levels left.
You knew the following spells:

 Your Spells              Type           Power      Damage    Failure   Level
a - Foxfire               Conj/Fire      100%       2x1d9     1%          1
b - Scorch                Fire           100%       2d10      1%          2
c - Flame Wave            Conj/Fire      89%        2d19      1%          4
d - Sticky Flame          Conj/Fire      89%        2d10      1%          4
e - Apportation           Tloc           68%        N/A       3%          1
f - Blink                 Tloc           68%        N/A       4%          2
g - Freezing Cloud        Conj/Ice/Air   19%        6-21      16%         5
h - Starburst             Conj/Fire      44%        6d12      3%          6

Your spell library contained the following spells:

 Spells                   Type           Power      Damage    Failure   Level
 Momentum Strike          Conj/Tloc      100%       3d10      1%          2
 Ignite Poison            Fire/Tmut/Pois 57%        N/A       1%          3
 Inner Flame              Hex/Fire       67%        N/A       1%          3
 Kindle Blastsparks       Fire/Tloc/Air  100%       2d18      1%          3
 Lesser Beckoning         Tloc           68%        N/A       10%         3
 Beastly Appendage        Tmut           36%        N/A       11%         1
 Necrotise                Necr           72%        1d7       11%         1
 Summon Small Mammal      Summ           72%        N/A       11%         1
 Wereblood                Tmut           18%        N/A       16%         2
 Ozocubu's Armour         Ice            18%        N/A       32%         3
 Spider Form              Tmut/Pois      18%        N/A       32%         3
 Ignition                 Fire           45%        3d13      69%         8
 Cause Fear               Hex            9%         N/A       71%         4
 Alistair's Intoxication  Tmut/Pois      12%        N/A       96%         5
 Metabolic Englaciation   Hex/Ice        9%         N/A       96%         5
 Simulacrum               Ice/Necr       9%         N/A       100%        6
 Discord                  Hex            9%         N/A       100%        8


Dungeon Overview and Level Annotations

Branches:
Dungeon (12/15)            Temple (1/1) D:4            Lair (5/5) D:9
 Shoals (0/4) Lair:3        Snake (0/4) Lair:3        Slime (0/5) Lair:4
    Orc (0/2) D:10          IceCv (visited)

Altars:
Ashenzari
Cheibriados
Dithmenos
Elyvilon
Fedhas
Gozag
Hepliaklqana
Kikubaaqudgha
Makhleb
Nemelex Xobeh
Okawaru
Qazlal
Ru
Sif Muna
Trog
Uskayaw
Vehumet
Wu Jian
Xom
Yredelemnul
Zin
The Shining One
Jiyva

Shops:
D:1 [   D:2 :

Portals:
Abyss: D:10

Annotations:
D:10 2 transporters, sirJeffrey23's ghost, journeyman FoFi
D:12 1 runed translucent door, valliere's ghost, journeyman GrEE
Lair:2 exclusion: downstairs
Lair:3 Rupert


Message History

The thrashing horror is almost destroyed.
The tree burns like a torch!
The thrashing horror churns violently!
The thrashing horror seems to grow stronger.
The small abomination is engulfed in a forest fire.
The forest fire spreads!
Press: ? - help, v - describe, . - travel
Here: a thrashing horror (seething chaos, almost destroyed, strong)
The floor.
Unknown command.
Casting: Starburst (dangerous; 3% risk of failure)
Press: ? - help, Q - select action, (/) - cycle Dir - look around, f - activate You feel a surge of power!
The bolt of fire hits the thrashing horror!!
The thrashing horror resists.
You destroy the thrashing horror!
Vehumet accepts your kill.
You feel your power returning.
The tree burns like a torch!
A large abomination comes into view.
The small abomination is engulfed in blazing flames.
You destroy the small abomination!
Vehumet accepts your kill.
The forest fire spreads!
Your phial of floods has recharged.
The blink frog is engulfed in blazing flames.
The large abomination is engulfed in seething chaos.
The large abomination seems to speed up.
The forest fire spreads! x2
The blink frog is engulfed in blazing flames.
You kill the blink frog!
Vehumet accepts your kill.
The large abomination is engulfed in seething chaos. x2
The large abomination flickers and vanishes!
Deactivating autopickup; reactivate with Ctrl-A.
Something hits you! Something hits you!! Something hits you!
* * * LOW HITPOINT WARNING * * *
Something hits you!!
You die...

...†....................#
.##†....#.#.#...........♣
##..†..#####............♣
##....# #...........♣♣
#.....# #.....#...♣.♣
##....# ###...........♣♣♣
#...... #........♣...§○.♣
#... ♣........♣.§.§§.♣
♣♣.♣.♣.@.§§§§§§.♣
♣...♣....§§§☼§§.♣
♣.....♣♣.§§☼☼§§.♣
♣♣.♣............♣ ♣.
♣♣♣♣♣...§...♣♣ ♣
♣♣.♣.§○☼.♣ ♣.....○§.♣
♣......☼○.♣ ♣.♣..♣.....♣


There were no monsters in sight!

Vanquished Creatures
  2 hydras
  A catoblepas (Lair:3)
  A centaur warrior (D:11)
  2 boulder beetles
  3 two-headed ogres (D:10)
  A death yak (Lair:5)
  A thrashing horror (Lair:5)
  Nergalle (D:11)
  Sonja (Lair:5)
  Amaemon (D:11)
  An oklob plant (Lair:3)
  3 ugly things
  A cyclops (D:11)
  2 manticores
  6 black mambas
  3 ice statues (IceCv)
  Maurice (D:8)
  8 cane toads
  An orange demon (D:11)
  7 komodo dragons
  Joseph (D:9)
  An unseen horror (D:5)
  4 rime drakes
  An ancient zyme (Lair:5)
  A hornet (shapeshifter) (Lair:5)
  A wind drake (Lair:3)
  A hornet (D:9)
  20 blink frogs
  3 trolls
  A spriggan (D:10)
  3 ynoxinuls (Lair:5)
  4 wyverns
  A dire elephant simulacrum (IceCv)
  A basilisk (D:9)
  50 yaks
  Grum (D:8)
  2 death yak simulacra (IceCv)
  A chaos spawn (Lair:5)
  2 steam dragons
  3 vampire mosquitoes (D:11)
  A hydra simulacrum (IceCv)
  17 water moccasins
  6 small abominations (Lair:5)
  2 acid dragons
  An ice beast (D:4)
  A sky beast (D:7)
  2 orc warriors (D:9)
  2 black bears
  2 ogres
  4 wolves (D:8)
  3 centaurs
  4 kobold brigands
  2 phantoms
  10 bullfrogs
  A scorpion (D:6)
  A cane toad simulacrum (IceCv)
  3 gnoll sergeants
  2 necrophages (D:5)
  5 wights
  2 elephant simulacra (IceCv)
  8 killer bees
  3 electric eels (Lair:4)
  8 howler monkeys
  5 orc priests
  4 hounds
  4 jellies
  5 iguanas
  12 hell rats (Lair:3)
  A polar bear simulacrum (IceCv)
  5 orc wizards
  14 gnolls
  4 adders
  4 worms
  39 orcs
  4 ball pythons
  8 bats
  8 endoplasms
  7 giant cockroaches
  5 hobgoblins
  3 jackals (D:4)
  20 kobolds
  A quokka (D:1)
  2 frilled lizards (D:3)
  11 goblins
  2 rats
407 creatures vanquished.

Vanquished Creatures (collateral kills)
  A hydra (Lair:3)
  5 foxfires
6 creatures vanquished.

Vanquished Creatures (others)
  1144 foxfires
  22 fungi
  132 plants
1298 creatures vanquished.

Grand Total: 1711 creatures vanquished

Notes
Turn   | Place    | Note
-------+----------+-------------------------------------------
     0 | D:1      | ragingrage the Deep Elf Fire Elementalist began the quest
                  | for the Orb.
     0 | D:1      | Reached XP level 1. HP: 10/10 MP: 6/6
   332 | D:1      | Reached XP level 2. HP: 15/15 MP: 4/8
   522 | D:1      | Learned a level 2 spell: Scorch
   841 | D:1      | Found Mifekol's Antique Armour Boutique.
  1158 | D:2      | Found Jixe's Vocational Training.
  1307 | D:2      | Reached XP level 3. HP: 19/19 MP: 6/10
  1596 | D:2      | Identified the +1 chain mail "Ysmil" {Dex+4}
  1767 | D:2      | You are sucked into a shaft and drop 1 floor!
  2015 | D:1      | Bought an embroidered robe for 66 gold pieces
  2150 | D:2      | Reached skill level 4 in Spellcasting
  2207 | D:3      | Reached XP level 4. HP: 24/24 MP: 1/12
  3141 | D:3      | Found an iron altar of Okawaru.
  3189 | D:4      | Reached XP level 5. HP: 28/28 MP: 9/14
  3438 | D:4      | Learned a level 4 spell: Flame Wave
  3443 | D:4      | Learned a level 4 spell: Sticky Flame
  3537 | D:4      | Reached skill level 5 in Spellcasting
  3877 | D:4      | Noticed an ice beast
  3883 | D:4      | Killed an ice beast
  3884 | D:4      | Reached skill level 5 in Fire Magic
  3884 | D:4      | Reached XP level 6. HP: 32/32 MP: 6/16
  4189 | D:4      | Found a staircase to the Ecumenical Temple.
  4295 | Temple   | Entered the Ecumenical Temple
  4516 | Temple   | Became a worshipper of Vehumet
  4689 | D:4      | Reached skill level 6 in Spellcasting
  4782 | D:5      | Entered Level 5 of the Dungeon
  4980 | D:5      | Reached XP level 7. HP: 36/36 MP: 11/18
  5386 | D:5      | Found a broken altar of Ashenzari.
  5390 | D:5      | Saw a vision of the Shoals and the Snake Pit.
  5390 | D:5      | Noticed a manticore
  5390 | D:5      | Noticed a naga warrior
  5390 | D:5      | Noticed a sea snake
  5390 | D:5      | Noticed a merfolk siren
  5390 | D:5      | Noticed a shock serpent
  5390 | D:5      | Noticed an anaconda
  5390 | D:5      | Noticed a water elemental
  5390 | D:5      | Noticed a snapping turtle
  5390 | D:5      | Noticed a black mamba
  5390 | D:5      | Noticed a salamander
  5390 | D:5      | Noticed a sea snake
  5390 | D:5      | Noticed a merfolk
  5390 | D:5      | Noticed an anaconda
  5424 | D:5      | Reached skill level 5 in Conjurations
  5588 | D:5      | Reached skill level 7 in Spellcasting
  5588 | D:5      | Killed an unseen horror
  5589 | D:5      | Reached XP level 8. HP: 15/41 MP: 3/21
  5719 | D:5      | Reached skill level 8 in Spellcasting
  6825 | D:6      | Reached skill level 9 in Spellcasting
  7288 | D:7      | Reached * piety under Vehumet
  7288 | D:7      | Offered knowledge of Shock by Vehumet.
  7291 | D:7      | Learned a level 1 spell: Apportation
  7340 | D:7      | Reached XP level 9. HP: 45/45 MP: 10/24
  8431 | D:8      | Reached skill level 1 in Fighting
  8431 | D:8      | Reached skill level 1 in Shields
  8575 | D:8      | Noticed Grum
  8582 | D:8      | Reached skill level 10 in Spellcasting
  8680 | D:8      | Noticed Maurice
  8685 | D:8      | Killed Maurice
  9632 | D:8      | Killed Grum
  9633 | D:8      | Reached XP level 10. HP: 54/54 MP: 15/26
 10080 | D:9      | Reached ** piety under Vehumet
 10080 | D:9      | Offered knowledge of Static Discharge by Vehumet.
 10224 | D:9      | Noticed a purple ugly thing
 10393 | D:9      | Killed a purple ugly thing
 10394 | D:9      | Reached skill level 5 in Dodging
 10483 | D:9      | Noticed Joseph
 10492 | D:9      | Killed Joseph
 10634 | D:9      | Found a hazy altar of Hepliaklqana.
 10769 | D:9      | Reached skill level 11 in Spellcasting
 11158 | D:9      | Offered knowledge of Hailstorm by Vehumet.
 11264 | D:9      | HP: 2/56 [acid dragon/splash of acid (38)]
 11688 | D:9      | Found a staircase to the Lair.
 12037 | D:9      | Noticed a centaur warrior
 12037 | D:9      | Noticed a rakshasa
 12037 | D:9      | Noticed a fire dragon
 12037 | D:9      | Noticed a cyclops
 12050 | D:10     | Entered Level 10 of the Dungeon
 12178 | D:10     | Found a staircase to the Orcish Mines.
 12194 | D:10     | Noticed an orange demon
 12196 | D:10     | Noticed a toenail golem
 12219 | D:10     | Found a one-way gate to the infinite horrors of the Abyss.
 12219 | D:10     | Noticed sirJeffrey23's ghost (journeyman FoFi)
 12265 | D:10     | Found a sacrificial altar of Ru.
 12265 | D:10     | Found a shimmering altar of Xom.
 12273 | D:10     | Found a burning altar of Makhleb.
 12275 | D:10     | Found an opulent altar of Gozag.
 12277 | D:10     | Found a faded altar of an unknown god.
 12313 | D:10     | Reached skill level 10 in Fire Magic
 12317 | D:10     | Reached XP level 11. HP: 46/60 MP: 19/28
 12673 | D:10     | Reached *** piety under Vehumet
 13265 | D:10     | Noticed a wizard
 13303 | D:10     | Noticed a two-headed ogre
 13348 | D:10     | Killed a two-headed ogre
 13652 | D:10     | Offered knowledge of Dazzling Flash by Vehumet.
 13653 | D:10     | Reached skill level 12 in Spellcasting
 13788 | D:10     | Noticed a two-headed ogre
 13801 | D:10     | Killed a two-headed ogre
 13889 | D:10     | Noticed a two-headed ogre
 13912 | D:10     | Killed a two-headed ogre
 13913 | D:10     | Reached skill level 10 in Conjurations
 14048 | D:10     | Found a transporter.
 14082 | D:10     | Found the +12 pair of quick blades "Gyre" and "Gimble"
                  | {protect}
 14283 | D:10     | Found a transporter.
 14330 | D:10     | Found a shimmering blue altar of Sif Muna.
 14432 | D:11     | Noticed a centaur warrior
 14461 | D:11     | Killed a centaur warrior
 14462 | D:11     | Reached skill level 5 in Fighting
 14752 | D:11     | Reached skill level 5 in Shields
 14946 | D:11     | Reached XP level 12. HP: 68/68 MP: 23/30
 15014 | D:11     | Noticed Amaemon
 15023 | D:11     | Killed Amaemon
 15609 | D:11     | Noticed Nergalle
 15614 | D:11     | Killed Nergalle
 15985 | D:1      | Bought an embroidered scarf for 144 gold pieces
 16186 | D:12     | Found a runed translucent door.
 16188 | D:12     | Noticed valliere's ghost (journeyman GrEE)
 16253 | D:12     | Noticed a boulder beetle
 16298 | D:12     | Learned a level 2 spell: Blink
 16357 | D:12     | Noticed a boulder beetle
 16508 | Lair:1   | Entered Level 1 of the Lair of Beasts
 17041 | Lair:1   | Identified the amulet of Xom's Full Attention {RegenMP rC+
                  | Str+3 Stlth+}
 17067 | Lair:1   | Reached skill level 1 in Translocations
 17077 | Lair:1   | Reached skill level 13 in Spellcasting
 17387 | Lair:1   | Reached **** piety under Vehumet
 17665 | Lair:2   | Noticed a boulder beetle
 17686 | Lair:2   | Killed a boulder beetle
 17754 | Lair:2   | Identified the +0 pair of boots "Niamud" {Regen+ Str+2
                  | Dex+3}
 17881 | Lair:2   | Found a frozen archway.
 17903 | IceCv    | Entered an ice cave
 17913 | IceCv    | Offered knowledge of Freezing Cloud by Vehumet.
 17957 | IceCv    | Learned a level 5 spell: Freezing Cloud
 18741 | Lair:2   | Noticed a five-headed hydra
 18749 | Lair:2   | Killed a five-headed hydra
 19635 | Lair:3   | Noticed a seven-headed hydra
 19637 | Lair:3   | Reached skill level 10 in Dodging
 19641 | Lair:3   | Killed a seven-headed hydra
 19710 | Lair:3   | Found a staircase to the Shoals.
 19741 | Lair:3   | Reached XP level 13. HP: 63/74 MP: 32/32
 20032 | Lair:3   | Noticed Rupert
 20170 | Lair:3   | Found a staircase to the Snake Pit.
 20184 | Lair:3   | Reached ***** piety under Vehumet
 20184 | Lair:3   | Offered knowledge of Starburst by Vehumet.
 20780 | D:2      | Bought a manual of Evocations for 960 gold pieces
 21405 | Lair:4   | Reached skill level 1 in Evocations
 21412 | Lair:4   | Learned a level 6 spell: Starburst
 21415 | Lair:4   | Reached skill level 14 in Spellcasting
 21900 | Lair:4   | Found a staircase to the Slime Pits.
 21901 | Lair:4   | Found a viscous altar of Jiyva.
 22821 | Lair:5   | Entered Level 5 of the Lair of Beasts
 22950 | Lair:5   | Noticed Sonja
 22953 | Lair:5   | Killed Sonja
 23148 | Lair:5   | Mangled by a large abomination

Illustrated notes

Levels and vault maps discovered:
D:1:      kilobyte_arrival_exit_the_forest, layout_rooms, serial_shops,
          nicolae_shop_behind_doors
D:2:      layout_loops_cross, nicolae_shop_vocational
D:3:      layout_loops_cross, okawaru_altar_gauntlet_db, fountainhead
D:4:      layout_basic, minmay_temple_entry_statues
D:5:      layout_basic, grunt_ashenzari_visionary
          [grunt_ashenzari_visionary_shoals, grunt_ashenzari_visionary_snake],
          minmay_manual_macuahuitl
D:6:      layout_loops_corners, nicolae_eternal_life
D:7:      layout_loops_ring, dk_noncrumbling_4
D:8:      layout_gridville, uniq_maurice, uniq_grum
D:9:      layout_roguey [special_room_orc], mainiacjoe_overflow_alcove_1,
          erik_lair_dragon, grunt_decor_one_mirror, wad_scary_box, uniq_joseph
D:10:     layout_loops_ring, mainiacjoe_overflow_six_doors_small,
          chequers_temple_overflow_minitemple, orc_0_dummy,
          gammafunk_ghost_abyssal_escape, minmay_misc_feat_nine_boxes,
          hellmonk_guarded_unrand_gyre_and_gimble
D:11:     layout_roguey, uniq_amaemon, uniq_nergalle
D:12:     layout_stronghold, hellmonk_ghost_happy_afterlife,
          hangedman_abyss_or_decor_stagger
Temple:   dpeg_chambers_temple
Lair:1:   layout_chaotic_city
Lair:2:   layout_cave_pods, portal_ice_cave_rime
Lair:3:   layout_gridlike, minmay_shoals_entry_beasts,
          minmay_snake_entry_six_corridors, grunt_megastairs_2,
          lemuel_fruit_tree, lemuel_fruit_fields, uniq_rupert
Lair:4:   layout_loops_ring, slime_entry_1, serial_bayou, serial_bayou_pond_c,
          serial_bayou_pond_e, serial_bayou_pond_c, serial_bayou_lagoon_a,
          serial_bayou_lagoon_b, serial_bayou_lake_a,
          infiniplex_staircase_pool_2
Lair:5:   hellmonk_lair_end_abyssal_woods, layout_long_grid, serial_rivers,
          chequers_serial_rivers_large_a, chequers_serial_rivers_small_3,
          chequers_serial_rivers_micro_b, chequers_serial_rivers_small_a,
          chequers_serial_rivers_small_a, st_stairs_12, uniq_sonja

Skill      XL: |  1  2  3  4  5  6  7  8  9 10 11 12 13 |
---------------+----------------------------------------+-----
Conjurations   | 2 3 4 5 7 8 9 10 11 12 | 12.0
Spellcasting   | 4 5 6 7 9 10 11 12 13 14 | 14.4
Fire Magic     | 4 5 6 8 9 10 11 12 | 12.4
Dodging        | 4 6 8 10 12 | 12.0
Fighting       | 2 3 5 6 7 |  7.1
Shields        | 2 3 5 6 |  6.5
Translocations | 3 |  3.0
Evocations     | 4 |  4.3
Stealth        | |  2.4

Action                   |  1- 3 |  4- 6 |  7- 9 | 10-12 | 13-15 || total
-------------------------+-------+-------+-------+-------+-------++-------
Melee: Hand axe          |    13 |     8 |       |       |       ||    21
       Staff             |       |       |       |    11 |     6 ||    17
 Cast: Foxfire           |    95 |   109 |   165 |   198 |   106 ||   673
       Scorch            |    12 |    20 |    81 |   205 |    62 ||   380
       Flame Wave        |       |       |     1 |    46 |    16 ||    63
       Starburst         |       |       |       |       |    35 ||    35
Evoke: Wand              |       |       |       |       |     1 ||     1
       Phial of floods   |       |       |       |       |     1 ||     1
  Use: Scroll            |       |       |     6 |     6 |     1 ||    13
       Potion            |       |       |       |     1 |       ||     1
Armor: Robe              |    14 |     8 |    17 |     1 |       ||    40
       Leather armour    |       |       |       |    44 |       ||    44
       Troll leather arm |       |       |       |     1 |     2 ||     3
Dodge: Dodged            |    31 |    17 |    21 |    94 |    27 ||   190
Block: Kite shield       |       |       |    12 |    89 |    29 ||   130

Table legend: (Time is in decaauts)
 A = Elapsed time spent in this place.
 B = Non-inter-level travel time spent in this place.
 C = Inter-level travel time spent in this place.
 D = Time resting spent in this place.
 E = Time spent auto-exploring this place.
 F = Levels seen in this place.
 G = Mean time per level.
                   A        B        C        D        E       F      G
               +--------+--------+--------+--------+--------+-----+--------+
         Total |  23251 |  21035 |   2216 |   5383 |  12160 |  19 | 1223.7 |
       Dungeon |  16785 |  14989 |   1796 |   3907 |   8954 |  12 | 1398.8 |
        Temple |    242 |    205 |     37 |      0 |    192 |   1 |  242.0 |
          Lair |   5445 |   5064 |    381 |    996 |   2996 |   5 | 1089.0 |
      Ice Cave |    777 |    777 |      0 |    480 |     17 |   1 |  777.0 |
               +--------+--------+--------+--------+--------+-----+--------+

Top non-repeatable levels by time:
     D:9: 3384 daAuts
    D:10: 2006 daAuts
     D:3: 1531 daAuts
     D:8: 1513 daAuts
  Lair:3: 1385 daAuts
  Lair:2: 1347 daAuts
     D:5: 1308 daAuts
     D:7: 1260 daAuts
  Lair:1: 1201 daAuts
    D:11: 1193 daAuts
  Lair:4: 1182 daAuts
     D:6: 1151 daAuts
     D:2: 1131 daAuts
     D:4: 1064 daAuts
     D:1: 1063 daAuts
